 Dungeon Crawl Stone Soup version 0.19.0-19-g8c6edcc (webtiles) character file.

169 KarmaPolice the Charmwright (level 5, -5/40 HPs)
             Began as a Vampire Skald on Nov 13, 2016.
             Slain by a gnoll
             ... wielding a +0 flail
              (10 damage)
             ... on level 3 of the Dungeon.
             The game lasted 00:06:55 (3603 turns).

KarmaPolice the Charmwright (Vampire Skald)         Turns: 3603, Time: 00:06:56

Health: -5/40      AC:  4    Str: 11    XL:     5   Next: 25%
Magic:  0/9        EV: 11    Int: 15    God:
Gold:   73         SH:  0    Dex: 14    Spells: 4 memorised, 2 levels left

rFire  . . .     SeeInvis +     a - +0 falchion
rCold  + . .     Gourm    .     b - +0 leather armour
rNeg   + + .     Faith    .     (no shield)
rPois  +         Spirit   .     (no helmet)
rElec  .         Reflect  .     g - +0 cloak
rCorr  .         Harm     .     (no gloves)
MR     .....                    (no boots)
Stlth  ++........               (no amulet)
                                (no ring)
                                (no ring)

@: infused, singing, very slightly contaminated, regenerating slowly
A: fangs 3, see invisible, unbreathing
a: Bat Form, Stop Singing


You were on level 3 of the Dungeon.
You were very thirsty.

You visited 1 branch of the dungeon, and saw 3 of its levels.

You collected 73 gold pieces.

Inventory:

Hand Weapons
 a - a +0 falchion (weapon)
Armour
 b - a +0 leather armour (worn)
 g - a +0 cloak (worn)
Jewellery
 h - an uncursed ring of magical power {unknown}
 k - an uncursed amulet of guardian spirit {unknown}
 p - a cursed ring of loudness {unknown}
Scrolls
 e - 3 scrolls of identify {unknown}
 f - a scroll of remove curse {unknown}
 i - 4 scrolls of amnesia {unknown}
 l - a scroll of enchant weapon {unknown}
 m - 2 scrolls of teleportation {unknown}
 r - 2 scrolls of magic mapping {unknown}
 t - a scroll of recharging {unknown}
 v - a scroll of blinking {unknown}
Potions
 d - 7 potions of blood
 j - 3 potions of cancellation {unknown}
 n - a potion of resistance
 o - a potion of ambrosia {unknown}
 q - a potion of degeneration {unknown}
 s - a potion of curing {unknown}
 u - a potion of brilliance {unknown}
Books
 c - a book of Battle

   Spells                             Type                      Level
   a - Infusion                       Charms                       1
   b - Shroud of Golubria             Charms/Translocation         2
   c - Song of Slaying                Charms                       2
   d - Spectral Weapon                Hexes/Charms                 3
   e - Regeneration                   Charms/Necromancy            3


   Skills:
 + Level 2.9 Fighting
 + Level 3.1 Long Blades
 - Level 0.8 Armour
 - Level 1.1 Dodging
 + Level 3.1 Spellcasting
 + Level 4.1 Charms


You had 2 spell levels left.
You knew the following spells:

 Your Spells              Type           Power        Failure   Level  Hunger
a - Infusion              Chrm           ##..         6%          1    #......
b - Shroud of Golubria    Chrm/Tloc      #.........   21%         2    ##.....
c - Song of Slaying       Chrm           ##......     10%         2    ##.....
d - Regeneration          Chrm/Necr      #.........   38%         3    ###....


Dungeon Overview and Level Annotations

Branches:
Dungeon (3/15)

Altars:


Innate Abilities, Weirdness & Mutations

You heal slowly.
You have razor-sharp teeth.
You have supernaturally acute eyesight. (SInv)
You can survive without breathing.


Message History

You riposte.
You hit the gnoll. You bite the gnoll, but do no damage.
The gnoll is heavily wounded.
You slash the gnoll! You bite the gnoll.
You draw the gnoll's blood!
You feel better.
You feel slightly less thirsty.
You kill the gnoll!
The gnoll barely misses you.
You hit the gnoll.
The gnoll is severely wounded.
The gnoll hits you with a whip!
The gnoll throws a throwing net.
The throwing net hits you.
You become entangled in the net!
The gnoll hits you but does no damage.
You see here a throwing net.
You tear a large gash into the net.
The gnoll hits you with a whip.
You struggle against the net.
The gnoll hits you with a flail!
* * * LOW HITPOINT WARNING * * *
Your shroud falls apart!
The gnoll hits you with a whip.
* * * LOW HITPOINT WARNING * * *
You rip the net and break free!
The gnoll hits you with a flail!
You die...

..#####(.....# #..#
......#...##.# #..#
......#.####.####..#
#######.# #....#..#
........# ###.....#
#########
#.##..#######
#.#.........#
#.#g....###.# #
#.#@###.# #
#..g..#.# #
###...#.# # #...#.#
# #####.# # ... #
### # #


You could see 2 gnolls.

Vanquished Creatures
  Crazy Yiuf (D:2)
  Terence (D:2)
  Ijyb (D:2)
  A gnoll (D:3)
  3 adders
  A dart slug (D:1)
  A ball python (D:2)
  A giant cockroach (D:1)
  9 hobgoblins
  6 jackals
  8 kobolds
  2 quokkas
  4 bats
  A frilled lizard (D:1)
  7 goblins
  4 rats
51 creatures vanquished.

Notes
Turn   | Place    | Note
-------+----------+-------------------------------------------
     0 | D:1      | KarmaPolice the Vampire Skald began the quest for the Orb.
     0 | D:1      | Reached XP level 1. HP: 16/16 MP: 3/3
   290 | D:1      | Reached XP level 2. HP: 21/22 MP: 5/5
   428 | D:1      | Learned a level 2 spell: Shroud of Golubria
   431 | D:1      | Learned a level 2 spell: Song of Slaying
  1237 | D:1      | Reached XP level 3. HP: 19/28 MP: 0/6
  1505 | D:2      | Noticed Ijyb
  1524 | D:2      | Killed Ijyb
  1524 | D:2      | Reached XP level 4. HP: 20/34 MP: 0/7
  1589 | D:2      | Learned a level 3 spell: Regeneration
  2448 | D:2      | Noticed Terence
  3047 | D:2      | Found a runed door.
  3095 | D:2      | Noticed Crazy Yiuf
  3106 | D:2      | Killed Crazy Yiuf
  3106 | D:2      | Reached skill level 4 in Charms
  3422 | D:2      | Killed Terence
  3422 | D:2      | Reached XP level 5. HP: 28/40 MP: 1/9
  3603 | D:3      | Slain by a gnoll

Skill      XL: |  1  2  3  4 |
---------------+-------------+-----
Fighting       | 2 |  2.9
Long Blades    | 3 |  3.1
Charms         | 4 |  4.1
Spellcasting   | 3 |  3.1
Armour         | |  0.8
Dodging        | |  1.1

Action                   |  1- 3 |  4- 6 || total
-------------------------+-------+-------++-------
Melee: Falchion          |    84 |    67 ||   151
       Bite              |    10 |    19 ||    29
       Unarmed           |     2 |    26 ||    28
 Cast: Infusion          |     4 |     6 ||    10
       Song of Slaying   |     1 |     3 ||     4
       Shroud of Golubri |       |     5 ||     5
       Regeneration      |       |     1 ||     1
 Abil: End Transformatio |     1 |     2 ||     3
       Bat Form          |     1 |     2 ||     3
  Use: Potion            |       |     1 ||     1
 Stab: Sleeping          |     2 |     5 ||     7
       Distracted        |       |     1 ||     1
       Invisible         |       |     1 ||     1
  Eat: Corpse            |     1 |     3 ||     4
Armor: Leather armour    |    28 |    20 ||    48
Dodge: Dodged            |    53 |    58 ||   111
       Rpst.: Falchion   |    22 |    14 ||    36
